 Dungeon Crawl Stone Soup version 0.30.1-3-gfc49f6343a (webtiles) character file.

Game seed: 14962442607816239889

72 Martska the Trooper (level 4, 0/48 HPs)
             Began as an Ogre Gladiator on July 19, 2023.
             Slain by a hobgoblin
             ... wielding a +0 dagger
             ... led by Robin
              (6 damage)
             ... on level 1 of the Dungeon.
             The game lasted 00:01:33 (1205 turns).

Martska the Trooper (Ogre Gladiator)                Turns: 1205, Time: 00:01:33

Health: 0/48       AC:  3    Str: 20    XL:     4   Next: 26%
Magic:  4/4        EV: 10    Int:  9    God:
Gold:   56         SH:  0    Dex: 10    Spells: 3/3 levels left

rFire   . . .        a - +0 flail
rCold   . . .        (no shield)
rNeg    . . .        b - +0 robe
rPois   .            c - +0 hat
rElec   .            (no cloak)
rCorr   .            (gloves unavailable)
SInv    .            (boots unavailable)
Will    .....        (no amulet)
Stlth   +            (no ring)
HPRegen 0.28/turn    (no ring)
MPRegen 0.09/turn

%: no passive effects
@: no status effects
A: large, unfitting armour, tough skin 1
a: no special abilities


You were on level 1 of the Dungeon.
You visited 1 branch of the dungeon, and saw 2 of its levels.

You collected 56 gold pieces.

Inventory:

Hand Weapons
 a - a +0 flail (weapon)
Missiles
 d - 3 throwing nets (quivered)
 e - a large rock
Armour
 b - a +0 robe (worn)
 c - a +0 hat (worn)
Scrolls
 f - a scroll of acquirement {unknown}
 g - 3 scrolls of teleportation {unknown}
 k - a scroll of vulnerability {unknown}
 l - 2 scrolls of identify {unknown}
Potions
 h - a potion of haste {unknown}
 i - a potion of curing {unknown}
 j - a potion of brilliance {unknown}
 m - a potion of resistance {unknown}
 n - 2 potions of heal wounds {unknown}


   Skills:
 * Level 4.0 Fighting
 * Level 3.3 Maces & Flails
 - Level 2.0 Throwing
 * Level 3.4 Dodging


You had 3 spell levels left.
You didn't know any spells.
Your spell library contained the following spells:

 Spells                   Type           Power      Damage    Failure   Level
 Static Discharge         Conj/Air       0%         2-2/arc   52%         2
 Airstrike                Air            0%         2d(0-16)  99%         4
 Summon Lightning Spire   Summ/Air       0%         N/A       99%         4


Dungeon Overview and Level Annotations

Branches:
Dungeon (2/15)

Altars:

Annotations:
D:2 Robin


Innate Abilities, Weirdness & Mutations

You are too large for most types of armour.
You have tough skin. (AC +1)


Message History

Robin throws the goblin at you! The hobgoblin completely misses you.
The goblin hits you but does no damage. The hobgoblin closely misses you.
The goblin hits you with a +0 dagger.
Robin roars a battlecry!
The goblins go into a battle-frenzy!
The hobgoblin hits you but does no damage.
There is a stone staircase leading up here.
You see here a +0 club.
The hobgoblin hits you with a +0 dagger.
The goblin barely misses you. The goblin hits you with a +0 club.
The hobgoblin misses you. The goblin completely misses you.
You climb upwards.
There is a stone staircase leading down, spattered with blood here.
You see here a +0 club.
You hit the goblin.
You kill the goblin!
The hobgoblin closely misses you. The goblin hits you with a +0 dagger.
You closely miss the goblin. The hobgoblin closely misses you.
The goblin barely misses you. The goblin hits you with a +0 club.
You closely miss the goblin. The hobgoblin barely misses you.
The goblin barely misses you. The goblin hits you with a +0 club.
You hit the goblin.
The goblin is heavily wounded.
The hobgoblin closely misses you. The goblin barely misses you. x2
The hobgoblin hits you with a +0 dagger.
The goblin hits you with a +0 club. The goblin hits you with a +0 dagger.
* * * LOW HITPOINT WARNING * * *
You closely miss the goblin.
The goblin is heavily wounded.
The hobgoblin misses you. The goblin hits you but does no damage.
The goblin barely misses you.
You thump the goblin!
You kill the goblin!
The hobgoblin hits you with a +0 dagger!
* * * LOW HITPOINT WARNING * * *
The goblin hits you but does no damage. The goblin attacks as you move away!
The goblin closely misses you. The hobgoblin attacks as you move away!
The hobgoblin hits you with a +0 dagger.
You die...

######### ........#
#.......#
#.......############
#...............g..#
#........[.....gg#.#
........########@#.#
........#### #)#.#
###....)...# ##.#.#
########.# ##....#
#.# #.###.# #.# #.#
#.# ### #.# #.###.#
..# #.# #.†..## #.#
#.###.#.##


You could see 2 hobgoblins and a goblin (strong).

Vanquished Creatures
  Jessica (D:2)
  2 dart slugs (D:1)
  A ball python (D:1)
  6 endoplasms (D:1)
  2 giant cockroaches (D:1)
  5 goblins
  5 hobgoblins (D:1)
  A jackal (D:2)
  A quokka (D:1)
  4 bats (D:1)
  A frilled lizard (D:1)
  5 kobolds (D:1)
  3 rats (D:1)
37 creatures vanquished.

Notes
Turn   | Place    | Note
-------+----------+-------------------------------------------
     0 | D:1      | Martska the Ogre Gladiator began the quest for the Orb.
     0 | D:1      | Reached XP level 1. HP: 22/22 MP: 1/1
   214 | D:1      | Reached skill level 3 in Fighting
   214 | D:1      | Reached XP level 2. HP: 29/31 MP: 2/2
   530 | D:1      | Reached XP level 3. HP: 37/37 MP: 3/3
   915 | D:2      | Noticed Jessica
   919 | D:2      | Killed Jessica
   920 | D:2      | Reached XP level 4. HP: 48/48 MP: 4/4
   938 | D:1      | Reached skill level 4 in Fighting
  1070 | D:2      | Noticed Robin
  1205 | D:1      | Slain by a hobgoblin

Illustrated notes

Levels and vault maps discovered:
D:1:      dpeg_arrival_concentric_ovals, layout_loops_ring
D:2:      layout_rooms, uniq_jessica, uniq_robin

Skill      XL: |  1  2  3  4 |
---------------+-------------+-----
Fighting       | 3 4 |  4.0
Maces & Flails | 3 |  3.3
Dodging        | 3 |  3.4
Throwing       | |  2.0

Action                     |  1- 3 |  4- 6 || total
---------------------------+-------+-------++-------
  Melee: Flail             |    79 |    37 ||   116
         Punch             |     1 |       ||     1
   Stab: Sleeping          |     3 |       ||     3
 Armour: Robe              |    38 |    25 ||    63
  Dodge: Dodged            |    57 |    62 ||   119
